 Dungeon Crawl Stone Soup version 0.30-a0-571-gdf30a72648 (webtiles) character file.

Game seed: 3462344808014315656

89 greenreed the Covered (level 4, -2/40 HPs)
             Began as a Minotaur Fighter on Dec 29, 2022.
             Was an Initiate of Nemelex Xobeh.
             Slain by a black bear (6 damage)
             ... on level 2 of the Dungeon.
             The game lasted 00:03:52 (1447 turns).

greenreed the Covered (Minotaur Fighter)            Turns: 1447, Time: 00:03:52

Health: -2/40      AC:  7    Str: 23    XL:     4   Next: 31%
Magic:  3/3        EV:  9    Int:  5    God:    Nemelex Xobeh [......]
Gold:   66         SH:  4    Dex:  9    Spells: 3/3 levels left

rFire   + . .      SeeInvis +    a - +0 flail
rCold   . . .      Faith    .    c - +0 buckler
rNeg    . . .      Spirit   .    p - +0 scale mail {rPois}
rPois   +          Reflect  .    (helmet restricted)
rElec   +          Harm     .    (no cloak)
rCorr   .          Rampage  .    (no gloves)
Will    .....                    (no boots) Stlth
                                 r - amulet "Guogaurph" {+Inv rElec rF+ Regen+}
HPRegen 1.06/turn                n - ring of see invisible
MPRegen 0.08/turn                (no ring)

@: no status effects
A: horns 2, retaliatory headbutt
a: Renounce Religion, Evoke Invisibility, Draw Escape, Draw Destruction, Draw
Summoning


You were on level 2 of the Dungeon.
You worshipped Nemelex Xobeh.
Nemelex Xobeh was noncommittal.
You visited 1 branch of the dungeon, and saw 3 of its levels.

You collected 161 gold pieces.
You spent 95 gold pieces at shops.

Inventory:

Hand Weapons
 a - a +0 flail (weapon)
Armour
 c - a +0 buckler (worn)
 m - an orb of wrath
 p - a +0 scale mail of poison resistance (worn)
Jewellery
 n - a ring of see invisible (left hand)
 r - the amulet "Guogaurph" (around neck) {+Inv rElec rF+ Regen+}
   (You found it on level 2 of the Dungeon)

   [amulet of regeneration]

   rF:        It protects you from fire.
   rElec:     It insulates you from electricity.
   +Inv:      It lets you turn invisible.
   Regen:     It increases your rate of health regeneration.
Wands
 b - a wand of iceblast (11)
 o - a wand of flame (8)
Scrolls
 i - 3 scrolls of identify {unknown}
 j - 2 scrolls of teleportation {unknown}
 q - a scroll of silence {unknown}
 s - a scroll of fog {unknown}
Potions
 d - a potion of might
 e - a potion of mutation {unknown}
 f - 4 potions of flight {unknown}
 g - a potion of cancellation {unknown}
 h - 2 potions of heal wounds {unknown}
 k - 3 potions of brilliance {unknown}
 l - 3 potions of magic {unknown}


   Skills:
 + Level 4.2 Fighting
 + Level 3.7 Maces & Flails
 + Level 4.4 Armour
 + Level 0.4 Dodging
 + Level 4.2 Shields


You had 3 spell levels left.
You didn't know any spells.
Your spell library was empty.

Dungeon Overview and Level Annotations

Branches:
Dungeon (3/15)

Altars:
Nemelex Xobeh

Shops:
D:2 *


Innate Abilities, Weirdness & Mutations

You have a pair of horns on your head.
You reflexively headbutt those who attack you in melee.


Message History

The black bear claws you but does no damage.
You hit the black bear but do no damage.
Your headbutt misses the black bear.
The black bear is heavily wounded.
The black bear bites you but does no damage.
The black bear closely misses you. The black bear barely misses you.
You closely miss the black bear.
The black bear is heavily wounded.
The black bear bites you. The black bear claws you. x2
You sock the black bear!
The black bear is severely wounded.
The black bear goes berserk!
You barely miss the black bear.
The black bear is severely wounded.
The black bear completely misses you. The black bear claws you.
The black bear claws you but does no damage.
You block the black bear's attack. The black bear barely misses you.
The black bear claws you.
You are too injured to fight recklessly!
You are too injured to fight recklessly!
You barely miss the black bear.
The black bear is severely wounded.
The black bear bites you!
* * * LOW HITPOINT WARNING * * *
You block the black bear's attack. The black bear misses you.
The black bear bites you.
* * * LOW HITPOINT WARNING * * *
The black bear closely misses you. The black bear claws you.
* * * LOW HITPOINT WARNING * * *
You completely miss the black bear.
The black bear is severely wounded.
You block the black bear's attack. The black bear barely misses you. x2
The black bear bites you.
* * * LOW HITPOINT WARNING * * *
The black bear claws you but does no damage. x2
You barely miss the black bear. Your headbutt misses the black bear.
The black bear is severely wounded.
The black bear bites you.
You die...
Your body disappears without a glow.

### ##.##### #####......#
#h.....##### ####.@....#
##..).#...###
##..####.#...###
##..##..........#
#..##...........#####
##...................#
###.[.##.##.#..##...##.#
######.....##......#####.##.#
#......######.....## #.##.#


You could see a black bear (berserk).

Vanquished Creatures
  3 adders (D:2)
  2 worms (D:2)
  3 dart slugs
  2 ball pythons
  3 bats
  2 endoplasms
  5 goblins
  3 hobgoblins (D:1)
  7 jackals (D:1)
  4 quokkas
  4 frilled lizards
  5 kobolds
  3 rats
46 creatures vanquished.

Notes
Turn   | Place    | Note
-------+----------+-------------------------------------------
     0 | D:1      | greenreed the Minotaur Fighter began the quest for the Orb.
     0 | D:1      | Reached XP level 1. HP: 19/19 MP: 0/0
   137 | D:1      | Reached XP level 2. HP: 27/27 MP: 1/1
   366 | D:1      | Reached XP level 3. HP: 28/33 MP: 2/2
   729 | D:2      | Found a sparkling altar of Nemelex Xobeh.
   735 | D:2      | Became a worshipper of Nemelex Xobeh the Trickster
   749 | D:2      | Found Papah's Assorted Antiques.
   944 | D:2      | Found a faded altar of an unknown god.
   971 | D:2      | Reached XP level 4. HP: 23/40 MP: 3/3
  1166 | D:2      | Bought a tubular wooden ring for 95 gold pieces
  1365 | D:2      | Identified the amulet "Guogaurph" {+Inv rElec rF+ Regen+}
  1427 | D:3      | Noticed a black bear
  1446 | D:2      | HP: 2/40 [black bear (2)]
  1447 | D:2      | Slain by a black bear

Illustrated notes

Levels and vault maps discovered:
D:1:      dpeg_arrival_tiny_f, layout_loops_ring
D:2:      layout_rooms, serial_shops, nicolae_shop_waterfront,
          hellmonk_ecumenical_altar_crossroads, basic_altar
D:3:      layout_rooms

Skill      XL: |  1  2  3 |
---------------+----------+-----
Armour         | 4 |  4.4
Fighting       | 4 |  4.2
Shields        | 4 |  4.2
Maces & Flails | 3 |  3.7
Dodging        | |  0.4

Action                   |  1- 3 |  4- 6 || total
-------------------------+-------+-------++-------
Melee: Flail             |    94 |    24 ||   118
       Headbutt          |    12 |     4 ||    16
Armor: Scale mail        |    51 |    11 ||    62
Dodge: Dodged            |    57 |    17 ||    74
Block: Buckler           |    26 |    10 ||    36

Table legend: (Time is in decaauts)
 A = Elapsed time spent in this place.
 B = Non-inter-level travel time spent in this place.
 C = Inter-level travel time spent in this place.
 D = Time resting spent in this place.
 E = Time spent auto-exploring this place.
 F = Levels seen in this place.
 G = Mean time per level.
                   A        B        C        D        E       F      G
               +--------+--------+--------+--------+--------+-----+--------+
         Total |   1481 |   1403 |     78 |     97 |    954 |   3 |  493.7 |
       Dungeon |   1481 |   1403 |     78 |     97 |    954 |   3 |  493.7 |
               +--------+--------+--------+--------+--------+-----+--------+

Top non-repeatable levels by time:
     D:1: 746 daAuts
     D:2: 719 daAuts
     D:3: 15 daAuts
